 Dungeon Crawl Stone Soup version 0.19.0-19-g8c6edcc (webtiles) character file.

922 JustSomeDude the Caller (level 8, -3/42 HPs)
             Began as a Tengu Summoner on Nov 14, 2016.
             Was an Initiate of Elyvilon.
             Slain by vev's ghost (9 damage)
             ... on level 6 of the Dungeon on Nov 15, 2016.
             The game lasted 00:44:22 (5648 turns).

JustSomeDude the Caller (Tengu Summoner)            Turns: 5648, Time: 00:44:22

Health: -3/42      AC:  4    Str:  8    XL:     8   Next: 10%
Magic:  1/16       EV: 13    Int: 19    God:    Elyvilon [......]
Gold:   220        SH:  3    Dex: 14    Spells: 3 memorised, 9 levels left

rFire  . . .     SeeInvis .     w - +0 trident
rCold  . . .     Gourm    .     a - +0 robe
rNeg   . . .     Faith    .     (no shield)
rPois  .         Spirit   .     (helmet restricted)
rElec  .         Reflect  +     (no cloak)
rCorr  +         Harm     .     k - +1 pair of gloves
MR     +....                    (boots unavailable)
Stlth  ++........               i - +3 amulet of reflection
                                B - ring of protection from magic
                                f - ring of resist corrosion

@: lethally poisoned (-3 -> -4), very slightly contaminated
A: beak, talons 3, able to fly 1
a: Fly, Renounce Religion


You were on level 6 of the Dungeon.
You worshipped Elyvilon.
Elyvilon was noncommittal.
You were not hungry.

You visited 2 branches of the dungeon, and saw 7 of its levels.

You collected 220 gold pieces.

Inventory:

Hand Weapons
 w - a +0 trident (weapon)
Armour
 a - a +0 robe (worn)
 k - a +1 pair of gloves (worn)
Jewellery
 f - a ring of resist corrosion (left hand)
 i - a +3 amulet of reflection (around neck)
 B - a ring of protection from magic (right hand)
Scrolls
 d - 2 scrolls of remove curse
 e - a scroll of teleportation
 o - 3 scrolls of identify
 q - 2 scrolls of recharging
 x - 2 scrolls of enchant weapon
 y - 2 scrolls of amnesia
Potions
 g - 3 potions of heal wounds {unknown}
 h - 2 potions of mutation {unknown}
 j - a potion of lignification
 l - a potion of berserk rage {unknown}
 r - 2 potions of resistance {unknown}
 s - 2 potions of curing {unknown}
 z - a potion of magic {unknown}
 A - a potion of cure mutation {unknown}
Books
 b - a book of Callings

   Spells                             Type                      Level
   a - Summon Small Mammal            Summoning                    1
   b - Call Imp                       Summoning                    2
   c - Call Canine Familiar           Summoning                    3
   d - Summon Guardian Golem          Hexes/Summoning              3
   e - Summon Lightning Spire         Summoning/Air                4
   f - Summon Ice Beast               Ice/Summoning                4
Comestibles
 c - 8 bread rations
 v - 3 beef jerkies


   Skills:
 + Level 0.4 Fighting
 + Level 1.5 Polearms
 + Level 3.1 Dodging
 + Level 2.7 Stealth
 + Level 1.2 Unarmed Combat
 + Level 5.3 Spellcasting
 + Level 7.7 Summonings
 * Level 4.2 Air Magic


You had 9 spell levels left.
You knew the following spells:

 Your Spells              Type           Power        Failure   Level  Hunger
a - Summon Small Mammal   Summ           ####         1%          1    None
b - Call Canine Familiar  Summ           ####....     1%          3    ##.....
c - Summon Lightning Spi  Summ/Air       ####....     12%         4    ####...


Dungeon Overview and Level Annotations

Branches:
Dungeon (6/15)             Temple (1/1) D:5

Altars:
Cheibriados
Dithmenos
Elyvilon
Fedhas
Gozag
Hepliaklqana
Makhleb
Nemelex Xobeh
Okawaru
Qazlal
Ru
Sif Muna
Trog
Uskayaw
Vehumet
Xom
Yredelemnul
Zin

Shops:
D:5 [

Annotations:
D:4 Pikel
D:6 vev's ghost, novice FoAK


Innate Abilities, Weirdness & Mutations

You have a beak for a mouth.
You have claws for feet.
You can fly.


Message History

Your quokka's corpse disappears in a puff of smoke!
Your rat barely misses vev's ghost.
Your quokka closely misses vev's ghost.
Attack whom?
Press: ? - help, Dir - move target cursor, f/p - vev's ghost
Aim: vev's ghost (heavily damaged)
You reach to attack!
You hit vev's ghost but do no damage.
Vev's ghost is heavily damaged.
You feel sick.
The centaur shoots an arrow.
The arrow barely misses your rat.
The arrow hits vev's ghost but does no damage.
Vev's ghost hits you!
* * * LOW HITPOINT WARNING * * *
Your quokka misses vev's ghost.
The centaur shoots an arrow.
The arrow hits your rat!
Your rat dies!
Your rat's corpse disappears in a puff of smoke!
Your quokka barely misses vev's ghost.
Unknown command.
The centaur shoots an arrow.
The arrow hits your quokka.
Your quokka barely misses vev's ghost.
Vev's ghost hits you!
You die...

..####.#...#
[##......##..# .
..........##..###..
...%..........#...
..................
.....(....ยง...#
...(c.(.8....##
........(rW...#
...........@#.#
............#.##
..##...%...##..# ##
####(..####.## ..
#.### #..# .# #..#
##.## .# ...##
##..###.#### #.#.
#..........# .....
#......(...#


You could see a centaur, vev's ghost, a friendly lightning spire and a friendly
quokka.

Vanquished Creatures
  Menkaure (D:5)
  Duvessa (D:4)
  A crimson imp (D:3)
  A hound (D:4)
  2 leopard geckos (D:5)
  3 giant cockroaches
  3 goblins
  A hobgoblin (D:3)
  3 jackals (D:5)
  A kobold (D:2)
  4 quokkas
  A ball python (D:5)
  6 bats
  3 frilled lizards
  A rat (D:1)
32 creatures vanquished.

Vanquished Creatures (collateral kills)
  Grinder (D:4)
  A phantom (D:5)
  2 ogres
  A centaur (D:5)
  Dowan (D:4)
  2 scorpions (D:4)
  A crimson imp (D:5)
  A bullfrog zombie (D:5)
  3 hounds
  A jelly (D:5)
  2 orc wizards (D:4)
  A bullfrog skeleton (D:5)
  A worker ant (D:6)
  2 iguanas (D:4)
  Robin (D:4)
  10 adders
  A howler monkey skeleton (D:4)
  A shadow imp (D:5)
  2 oozes (D:2)
  An adder skeleton (D:4)
  3 worms (D:2)
  3 dart slugs
  4 leopard geckos
  12 orcs
  6 giant cockroaches
  11 goblins
  7 hobgoblins
  6 jackals
  6 bats
  3 frilled lizards
  4 kobolds
  11 rats
112 creatures vanquished.

Grand Total: 144 creatures vanquished

Notes
Turn   | Place    | Note
-------+----------+-------------------------------------------
     0 | D:1      | JustSomeDude the Tengu Summoner began the quest for the Orb.
     0 | D:1      | Reached XP level 1. HP: 10/10 MP: 4/4
    81 | D:1      | Reached skill level 5 in Summonings
   381 | D:1      | Reached XP level 2. HP: 11/15 MP: 1/6
   935 | D:2      | Reached XP level 3. HP: 11/19 MP: 0/7
   964 | D:2      | Learned a level 3 spell: Call Canine Familiar
  1052 | D:2      | Noticed a hand axe
  1055 | D:2      | Noticed a dagger
  1056 | D:2      | Found a hide-covered altar of Uskayaw.
  1306 | D:2      | Reached XP level 4. HP: 22/24 MP: 6/9
  1447 | D:2      | Found a glowing silver altar of Zin.
  1944 | D:3      | Reached skill level 6 in Summonings
  1976 | D:3      | Gained mutation: You can fly. [Tengu growth]
  1976 | D:3      | Reached XP level 5. HP: 20/28 MP: 2/10
  2027 | D:3      | Learned a level 4 spell: Summon Lightning Spire
  2434 | D:4      | Noticed Pikel
  2434 | D:4      | Noticed a slave
  2434 | D:4      | Noticed a slave
  2461 | D:4      | Reached skill level 1 in Air Magic
  2479 | D:4      | Noticed Robin
  2502 | D:4      | Killed Robin
  2556 | D:4      | Noticed Duvessa
  2556 | D:4      | Noticed Dowan
  2573 | D:4      | Killed Duvessa
  2573 | D:4      | Reached skill level 1 in Unarmed Combat
  2573 | D:4      | Reached XP level 6. HP: 19/32 MP: 1/12
  2582 | D:4      | Killed Dowan
  3590 | D:4      | Noticed Grinder
  3598 | D:4      | Noticed a slave
  3599 | D:4      | Paralysed by Grinder for 7 turns
  3604 | D:4      | Noticed a slave
  3605 | D:4      | Killed Grinder
  3605 | D:4      | Reached skill level 7 in Summonings
  3605 | D:4      | Reached XP level 7. HP: 20/36 MP: 1/14
  4215 | D:4      | Found a stormy altar of Qazlal.
  4340 | D:5      | Entered Level 5 of the Dungeon
  4567 | D:5      | Found Coosych's Armour Emporium.
  4691 | D:5      | Found a staircase to the Ecumenical Temple.
  4700 | Temple   | Entered the Ecumenical Temple
  4746 | Temple   | Became a worshipper of Elyvilon the Healer
  4819 | D:5      | Found an opulent altar of Gozag.
  4914 | D:5      | Reached skill level 5 in Spellcasting
  5168 | D:5      | Noticed Menkaure
  5185 | D:5      | Killed Menkaure
  5185 | D:5      | Reached skill level 1 in Polearms
  5328 | D:5      | Reached XP level 8. HP: 10/41 MP: 4/16
  5633 | D:6      | Noticed vev's ghost (novice FoAK)
  5648 | D:6      | Slain by vev's ghost

Skill      XL: |  1  2  3  4  5  6  7 |
---------------+----------------------+-----
Summonings     | 5 6 7 |  7.7
Spellcasting   | 3 4 5 |  5.3
Air Magic      | 2 3 4 |  4.2
Unarmed Combat | 1 |  1.2
Dodging        | 3 |  3.1
Polearms       | 1 |  1.5
Fighting       | |  0.4
Stealth        | |  2.7

Action                   |  1- 3 |  4- 6 |  7- 9 || total
-------------------------+-------+-------+-------++-------
Melee: Unarmed           |    57 |    91 |       ||   148
       Kick              |    14 |    13 |     9 ||    36
       Peck              |     3 |    12 |     4 ||    19
       Trident           |       |       |    93 ||    93
 Cast: Summon Small Mamm |    64 |    85 |    57 ||   206
       Call Canine Famil |     3 |    11 |    13 ||    27
       Summon Lightning  |       |     3 |     6 ||     9
  Use: Potion            |       |     1 |       ||     1
       Scroll            |       |       |    10 ||    10
 Stab: Sleeping          |     1 |     2 |     3 ||     6
       Distracted        |       |       |     1 ||     1
  Eat: Chunk             |     2 |     9 |     7 ||    18
       Meat ration       |       |       |     1 ||     1
Armor: Robe              |    19 |    24 |    14 ||    57
       Skin              |       |     4 |       ||     4
Dodge: Dodged            |    52 |    83 |    49 ||   184
Block: Other             |     9 |    15 |     9 ||    33
       Reflection        |     1 |       |       ||     1
